 Dungeon Crawl Stone Soup version 0.25-a0-782-g655279c (webtiles) character file.

Game seed: 16707837222868962266, levelgen mode: deterministic

304 BlueFish the Magician (level 6, -6/44 HPs)
             Began as a Mummy Wizard on Apr 17, 2020.
             Mangled by an orc warrior
             ... wielding a +0 trident
              (13 damage)
             ... on level 4 of the Dungeon.
             The game lasted 00:10:22 (4643 turns).

BlueFish the Magician (Mummy Wizard)                Turns: 4643, Time: 00:10:23

Health: -6/44      AC:  2    Str: 11    XL:     6   Next: 15%
Magic:  1/15       EV: 12    Int: 19    God:
Gold:   151        SH:  0    Dex: 10    Spells: 7/17 levels left

rFire    . . .     SeeInvis .   j - staff of summoning
rCold    + + .     Gourm    .   (no shield)
rNeg     + + +     Faith    .   a - +0 robe
rPois    ∞         Spirit   .   b - +0 hat
rElec    .         Reflect  .   i - scarf {rC+ rF+}
rCorr    .         Harm     .   (no gloves)
MR       .....                  (no boots)
Stlth    ++........             (no amulet)
HPRegen  0.14/turn              (no ring)
MPRegen  0.14/turn              (no ring)

@: no status effects
A: no food or potions, fire vulnerability, cold resistance 1, negative energy
resistance 3, torment resistance, unbreathing
a: no special abilities


You were on level 4 of the Dungeon.
You were not hungry.

You visited 1 branch of the dungeon, and saw 4 of its levels.

You collected 151 gold pieces.

Inventory:

Hand Weapons
 g - a +0 spear
Armour
 a - a +0 robe (worn)
 b - a +0 hat (worn)
 i - a scarf of resistance (worn)
Magical Staves
 j - an uncursed staff of summoning (weapon)
Scrolls
 c - 3 scrolls of remove curse
 d - 4 scrolls of enchant weapon
 e - 2 scrolls of noise
 f - 4 scrolls of teleportation
 h - a scroll of fog
 k - a scroll of identify


   Skills:
 * Level 1.9 Fighting
 + Level 0.3 Polearms
 * Level 2.2 Dodging
 * Level 2.4 Stealth
 * Level 6.4 Spellcasting
 + Level 1.7 Conjurations
 + Level 1.1 Summonings
 + Level 0.7 Translocations
 + Level 0.1 Air Magic
 + Level 0.5 Poison Magic


You had 7 spell levels left.
You knew the following spells:

 Your Spells              Type           Power        Failure   Level  Hunger
a - Magic Dart            Conj           ##..         5%          1    N/A
b - Blink                 Tloc           N/A          12%         2    N/A
c - Call Imp              Summ           ###.....     11%         2    N/A
d - Slow                  Hex            #.......     16%         2    N/A
e - Mephitic Cloud        Conj/Pois/Air  #.......     24%         3    N/A

Your spell library contained the following spells:

 Spells                   Type           Power        Failure   Level  Hunger
 Conjure Flame            Conj/Fire      #.......     22%         3    N/A

Dungeon Overview and Level Annotations

Branches:
Dungeon (4/15)
 Temple: D:4-7

Altars:
Uskayaw

Annotations:
D:2 2 transporters


Innate Abilities, Weirdness & Mutations

You do not eat or drink.
Your flesh is vulnerable to fire.
You are immune to poison.
Your flesh is cold resistant. (rC+)
You are immune to negative energy. (rN+++)
You are immune to unholy pain and torment.
You can survive without breathing.


Message History

Your white imp gestures at the orc warrior.
The puff of frost hits the orc warrior but does no damage.
Your crimson imp hits the orc warrior but does no damage.
Your crimson imp blinks!
Your white imp hits the orc warrior but does no damage.
You hit the orc warrior.
The orc warrior is severely wounded.
Your white imp gestures at the orc warrior.
The puff of frost hits the orc warrior.
The orc warrior hits your white imp but does no damage.
The orc warrior seems less confused.
Your white imp hits the orc warrior but does no damage.
You barely miss the orc warrior.
The orc warrior is severely wounded.
The orc warrior hits you with a +0 trident!
* * * LOW HITPOINT WARNING * * *
Your crimson imp blinks!
Your white imp barely misses the orc warrior.
The orc warrior hits you with a +0 trident!
You die...

##)###.....##...##
#..##........)##
##.##.........###
#..##..........#
#..##..........##
##.##5..^....)..#
#..#...........#
##.....).o.....#
#..#....5@....#
#.###......)..#
#.# #.........#
#.# #....§....#
##.# ##....)<..#
#.## #[......##
#.# ##......# #.#
##....## #.#
###..####


You could see an orc warrior, a friendly crimson imp and a friendly white imp.

Vanquished Creatures
  A bullfrog zombie (D:2)
  An orc priest (D:4)
  4 gnolls
  4 adders
  A worm (D:2)
  A dart slug (D:1)
  2 leopard geckos
  An orc (D:4)
  2 giant cockroaches (D:1)
  5 hobgoblins
  2 jackals (D:1)
  2 kobolds (D:1)
  9 bats
  6 frilled lizards
  11 goblins
  8 rats
60 creatures vanquished.

Vanquished Creatures (collateral kills)
  A centaur skeleton (D:4)
  An orc priest (D:4)
  A worker ant (D:4)
  6 gnolls
  2 adders
  2 oozes
  A worm (D:2)
  An orc (D:4)
15 creatures vanquished.

Grand Total: 75 creatures vanquished

Notes
Turn   | Place    | Note
-------+----------+-------------------------------------------
     0 | D:1      | BlueFish the Mummy Wizard began the quest for the Orb.
     0 | D:1      | Reached XP level 1. HP: 13/13 MP: 5/5
   299 | D:1      | Reached XP level 2. HP: 19/19 MP: 2/7
   309 | D:1      | Learned a level 2 spell: Blink
   312 | D:1      | Learned a level 2 spell: Call Imp
   315 | D:1      | Learned a level 2 spell: Slow
   955 | D:1      | Reached XP level 3. HP: 25/25 MP: 5/9
   960 | D:1      | Learned a level 3 spell: Mephitic Cloud
  1338 | D:2      | Reached skill level 5 in Spellcasting
  1401 | D:2      | Found a hide-covered altar of Uskayaw.
  1717 | D:2      | Reached skill level 1 in Fighting
  1717 | D:2      | Reached skill level 1 in Conjurations
  1717 | D:2      | Reached XP level 4. HP: 7/32 MP: 0/11
  2294 | D:2      | Noticed a bullfrog
  2295 | D:2      | Found a transporter.
  2295 | D:2      | Found a transporter.
  2295 | D:2      | Noticed a centaur
  2295 | D:2      | Noticed a sky beast
  2306 | D:2      | Reached XP level 5. HP: 37/37 MP: 7/13
  3946 | D:4      | Reached skill level 6 in Spellcasting
  3946 | D:4      | Reached skill level 1 in Summonings
  3948 | D:4      | Noticed an ogre
  3959 | D:4      | Noticed an orc warrior
  4443 | D:4      | Reached XP level 6. HP: 40/44 MP: 3/15
  4643 | D:4      | Mangled by an orc warrior

Levels and vault maps discovered:
D:1:      minmay_arrival_stone_box, layout_rooms, chequers_serial_rivers_micro_c
D:2:      layout_rooms, gammafunk_temple_overflow_arena
D:3:      layout_loops_cross
D:4:      layout_cave_pods, first_ration, st_stairs_12

Skill      XL: |  1  2  3  4  5 |
---------------+----------------+-----
Spellcasting   | 5 6 |  6.4
Fighting       | 1 |  1.9
Dodging        | 2 |  2.2
Conjurations   | 1 |  1.7
Stealth        | 2 |  2.4
Summonings     | 1 |  1.1
Polearms       | |  0.3
Translocations | |  0.7
Air Magic      | |  0.1
Poison Magic   | |  0.5

Action                   |  1- 3 |  4- 6 || total
-------------------------+-------+-------++-------
Melee: Club              |    16 |       ||    16
       Dagger            |    27 |       ||    27
       Spear             |    19 |    56 ||    75
       Staff             |       |    14 ||    14
 Cast: Magic Dart        |    81 |    72 ||   153
       Call Imp          |     1 |    30 ||    31
       Mephitic Cloud    |       |     7 ||     7
  Use: Scroll            |     3 |     2 ||     5
 Stab: Confused          |       |     1 ||     1
Armor: Robe              |    10 |     7 ||    17
Dodge: Dodged            |    46 |    48 ||    94

Table legend:
 A = Non-vault XP
 B = Vault XP
 C = Vault XP percentage of total XP
 D = Non-vault monster count
 E = Vault monster count
 F = Vault count percentage of total count
                 A         B        C        D         E       F
            +---------+---------+-------+---------+---------+-------
      Total |     435 |       0 |   0.0 |      75 |       0 |   0.0
            +---------+---------+-------+---------+---------+-------
        D:1 |      47 |       0 |   0.0 |      30 |       0 |   0.0
        D:2 |     161 |       0 |   0.0 |      22 |       0 |   0.0
        D:3 |      62 |       0 |   0.0 |      11 |       0 |   0.0
        D:4 |     165 |       0 |   0.0 |      12 |       0 |   0.0
            +---------+---------+-------+---------+---------+-------
